Workbook

Sheet ORÇAMENTO GLOBAL
D3: UNIVERSIDADE ESTADUAL DO NORTE DO PARANÁ | L3: Valores
D4: CNPJ: 08.885.100/0001-54 | L4: BDI | M4: =BDI!F28 -> 0.1995
D5: SERVIÇO : ADEQUAÇÕES SETOR DE ENFERMAGEM
D6: Local: CAMPUS LUIZ MENEGHEL - CLM | L6: Total | M6: =L13+L18+L34+L66 -> 0
D7: Data do orçamento: AGOSTO/2026 | L7: Total c/BDI | M7: =N7 -> 0 | N7: =SUM(N10:N71) -> 0
D8: REFERÊNCIA DE PREÇOS : SINAPI_REFERENCIAS_PR_202607_SEM_DESONERAÇÃO
D9: INSERIR DADOS DA EMPRESA
A10: ITEM | B10: RESUMO | C10: CÓDIGO | D10: DESCRIÇÃO DOS SERVIÇOS | E10: UN | F10: QTD | G10: UNITÁRIO (SEM BDI) | J10: TOTAL (Valores sem BDI) | M10: VALOR TOTAL C/ BDI
G11: MATERIAL + EQ | H11: MÃO DE OBRA | I11: TOTAL | J11: MATERIAL | K11: MÃO DE OBRA | L11: TOTAL
A13: 1 | B13: CANTEIRO DE OBRAS | J13: =SUM(J14:J16) -> 0 | K13: =SUM(K14:K16) -> 0 | L13: =SUM(L14:L16) -> 0 | M13: =SUM(M14:M16) -> 0 | N13: =M13 -> 0
A14: 1.1 | B14: ALMOXARIFADO | C14: 105115 | D14: INSTALAÇÃO E DESINSTALAÇÃO MECANIZADA DE CONTÊINER OU MÓDULO HABITÁVEL DE USOS DIVERSOS. AF_03/2024 | E14: UN | F14: 1 | I14: =G14+H14 -> 0 | J14: =G14*F14 -> 0 | K14: =H14*F14 -> 0 | L14: =I14*F14 -> 0 | M14: =L14*(1+$M$4) -> 0
A15: 1.2 | B15: ALMOXARIFADO | C15: 10776 INSUMO | D15: LOCACAO DE CONTAINER 2,30 X 6,00 M, ALT. 2,50 M, PARA ESCRITORIO, SEM DIVISORIAS INTERNAS E SEM SANITARIO (NAO INCLUI MOBILIZACAO/DESMOBILIZACAO) | E15: MES | F15: 5 | I15: =G15+H15 -> 0 | J15: =G15*F15 -> 0 | K15: =H15*F15 -> 0 | L15: =I15*F15 -> 0 | M15: =L15*(1+$M$4) -> 0
A16: 1.3 | B16: LONA DE PROTEÇÃO | C16: 42408 INSUMO | D16: LONA PLASTICA EXTRA FORTE PRETA, E=200 MICRA | E16: M2 | F16: 500 | I16: =G16+H16 -> 0 | J16: =G16*F16 -> 0 | K16: =H16*F16 -> 0 | L16: =I16*F16 -> 0 | M16: =L16*(1+$M$4) -> 0
A18: 2 | B18: DEMOLIÇÕES E CONSTRUÇÕES | J18: =SUM(J19:J32) -> 0 | K18: =SUM(K19:K32) -> 0 | L18: =SUM(L19:L32) -> 0 | M18: =SUM(M19:M32) -> 0 | N18: =M18 -> 0
A19: 2.1 | B19: DEMOLIÇÕES TRECHOS IRREGULARES | C19: 97629 | D19: DEMOLIÇÃO DE LAJES, EM CONCRETO ARMADO, DE FORMA MECANIZADA COM MARTELETE, SEM REAPROVEITAMENTO. AF_09/2023 | E19: M3 | F19: 25 | I19: =SUM(G19:H19) -> 0 | J19: =G19*F19 -> 0 | K19: =H19*F19 -> 0 | L19: =I19*F19 -> 0 | M19: =L19*(1+$M$4) -> 0
A20: 2.2 | B20: LIMPEZA DE TERRENO | C20: 98524 | D20: LIMPEZA MANUAL DE VEGETAÇÃO EM TERRENO COM ENXADA. AF_03/2024 | E20: M2 | F20: 10 | I20: =SUM(G20:H20) -> 0 | J20: =G20*F20 -> 0 | K20: =H20*F20 -> 0 | L20: =I20*F20 -> 0 | M20: =L20*(1+$M$4) -> 0
A21: 2.3 | B21: NIVELAMENTO E COMPACTAÇÃO | C21: 94319 | D21: ATERRO MANUAL DE VALAS COM SOLO ARGILO-ARENOSO E COMPACTAÇÃO MECANIZADA. AF_08/2023 | E21: M3 | F21: 5 | I21: =SUM(G21:H21) -> 0 | J21: =G21*F21 -> 0 | K21: =H21*F21 -> 0 | L21: =I21*F21 -> 0 | M21: =L21*(1+$M$4) -> 0
A22: 2.4 | B22: CALÇADA - CONCRETO 5CM (INCLUSIVE RAMPAS) | C22: 94991 | D22: EXECUÇÃO DE PASSEIO (CALÇADA) OU PISO DE CONCRETO COM CONCRETO MOLDADO IN LOCO, USINADO, ACABAMENTO CONVENCIONAL, NÃO ARMADO. AF_08/2022 | E22: M3 | F22: 10 | I22: =SUM(G22:H22) -> 0 | J22: =G22*F22 -> 0 | K22: =H22*F22 -> 0 | L22: =I22*F22 -> 0 | M22: =L22*(1+$M$4) -> 0
A23: 2.5 | B23: REGULARIZAÇÃO DA PAREDE (inclusive requadros) | C23: 87547 | D23: MASSA ÚNICA, PARA RECEBIMENTO DE PINTURA, EM ARGAMASSA TRAÇO 1:2:8, PREPARO MECÂNICO COM BETONEIRA 400L, APLICADA MANUALMENTE EM FACES INTERNAS DE PAREDES, ESPESSURA DE 10MM, COM EXECUÇÃO DE TALISCAS. AF_03/2024 | E23: M2 | F23: 15 | I23: =SUM(G23:H23) -> 0 | J23: =G23*F23 -> 0 | K23: =H23*F23 -> 0 | L23: =I23*F23 -> 0 | M23: =L23*(1+$M$4) -> 0
A24: 2.6 | B24: GRELHA CAPTAÇÃO | C24: 103001 | D24: GRELHA DE FERRO FUNDIDO SIMPLES CO REQUADRO, 150X1000MM, ASSENTADA COM ARGAMASSA 1:3 CIMENTO:AREIA - FORNECIMENTO E INSTALAÇÃO AF_05/2025 | E24: UN | F24: 10 | I24: =SUM(G24:H24) -> 0 | J24: =G24*F24 -> 0 | K24: =H24*F24 -> 0 | L24: =I24*F24 -> 0 | M24: =L24*(1+$M$4) -> 0
A25: 2.7 | B25: DRENAGEM | C25: 09748/ORSE | D25: CALHA DE DRENAGEM EM ALVENARIA/CONCRETO, CHAPISCADA E REBOCADA, SEM IMPERMEABILIZAÇÃO, INCLUSIVE ESCAVÇÃO MANUAL | E25: M2 | F25: 1 | I25: =SUM(G25:H25) -> 0 | J25: =G25*F25 -> 0 | K25: =H25*F25 -> 0 | L25: =I25*F25 -> 0 | M25: =L25*(1+$M$4) -> 0
A26: 2.8 | B26: CALHA | C26: 94228 | D26: CALHA EM CHAPA DE AÇO GALVANIZADO NÚMERO 24, DESENVOLVIMENTO DE 50 CM, INCLUSO TRANSPORTE VERTICAL. AF_06/2026 | E26: M | F26: 35 | I26: =SUM(G26:H26) -> 0 | J26: =G26*F26 -> 0 | K26: =H26*F26 -> 0 | L26: =I26*F26 -> 0 | M26: =L26*(1+$M$4) -> 0
A27: 2.9 | B27: ÁGUA PLUVIAL | C27: 89576 | D27: TUBO PVC, SÉRIE R, ÁGUA PLUVIAL, DN 75 MM, FORNECIDO E INSTALADO EM CONDUTORES VERTICAIS DE ÁGUAS PLUVIAIS. AF_06/2022 | E27: M | F27: 6.5 | I27: =G27+H27 -> 0 | J27: =G27*F27 -> 0 | K27: =H27*F27 -> 0 | L27: =I27*F27 -> 0 | M27: =ROUND(L27*(1+$M$4),2) -> 0
A28: 2.10 | B28: ÁGUA PLUVIAL | C28: 89529 | D28: JOELHO 90 GRAUS, PVC, SERIE R, ÁGUA PLUVIAL, DN 100 MM, JUNTA ELÁSTICA, FORNECIDO E INSTALADO EM RAMAL DE ENCAMINHAMENTO. AF_06/2022 | E28: UN | F28: 2 | I28: =G28+H28 -> 0 | J28: =G28*F28 -> 0 | K28: =H28*F28 -> 0 | L28: =I28*F28 -> 0 | M28: =ROUND(L28*(1+$M$4),2) -> 0
A29: 2.11 | B29: JUNTAS DE DILATAÇÃO - EPS | C29: 11615/INSUMO SP | D29: POLIESTIRENO EXPANDIDO/EPS (ISOPOR), TIPO 2F, PLACA, ISOLAMENTO TERMOACUSTICO, E = 10 MM, 1000 X 500 MM | E29: M2 | F29: 5 | I29: =G29+H29 -> 0 | J29: =G29*F29 -> 0 | K29: =H29*F29 -> 0 | L29: =I29*F29 -> 0 | M29: =L29*(1+$M$4) -> 0
A30: 2.12 | B30: JUNTAS DE DILATAÇÃO - CHAPA | C30: 11026/INSUMO SP | D30: CHAPA DE ACO GALVANIZADA BITOLA GSG 14, E = 1,95 MM (15,60 KG/M2) | E30: KG | F30: 273 | I30: =G30+H30 -> 0 | J30: =G30*F30 -> 0 | K30: =H30*F30 -> 0 | L30: =I30*F30 -> 0 | M30: =L30*(1+$M$4) -> 0
A31: 2.13 | B31: FIXAÇÃO CHAPAS CADA 1,5M | C31: 95541 | D31: FIXAÇÃO DE DUTOS FLEXÍVEIS CIRCULARES, DIÂMETRO 109 MM OU 4", COM ABRAÇADEIRA METÁLICA FLEXÍVEL FIXADA DIRETAMENTE NA LAJE, SOMENTE MÃO DE OBRA. AF_09/2023 | E31: UN | F31: 25 | I31: =G31+H31 -> 0 | J31: =G31*F31 -> 0 | K31: =H31*F31 -> 0 | L31: =I31*F31 -> 0 | M31: =L31*(1+$M$4) -> 0
A32: 2.14 | B32: REMOÇÃO PORTAS DOS BANHEIROS EXTERNOS | C32: 97644 | D32: REMOÇÃO DE PORTAS, DE FORMA MANUAL, SEM REAPROVEITAMENTO. AF_09/2023 | E32: M2 | F32: 2.95 | I32: =G32+H32 -> 0 | J32: =G32*F32 -> 0 | K32: =H32*F32 -> 0 | L32: =I32*F32 -> 0 | M32: =L32*(1+$M$4) -> 0
A34: 3 | B34: ACABAMENTOS E PINTURAS | J34: =J35+J44+J56 -> 0 | K34: =K35+K44+K56 -> 0 | L34: =L35+L44+L56 -> 0 | M34: =M35+M44+M56 -> 0 | N34: =M34 -> 0
A35: 3.1 | B35: INTERNO | J35: =SUM(J36:J42) -> 0 | K35: =SUM(K36:K42) -> 0 | L35: =SUM(L36:L42) -> 0 | M35: =SUM(M36:M42) -> 0
A36: 3.1.1 | B36: PINTURA DAS PAREDES E TETO - LIXAMENTO | C36: 02344/ORSE | D36: PREPARO DE SUPERFÍCIE COM LIXAMENTO DE PAREDES E TETOS | E36: M2 | F36: 3601.26 | I36: =SUM(G36:H36) -> 0 | J36: =G36*F36 -> 0 | K36: =H36*F36 -> 0 | L36: =I36*F36 -> 0 | M36: =L36*(1+$M$4) -> 0
A37: 3.1.2 | B37: PINTURA DAS PAREDES - SELADOR | C37: 88485 | D37: FUNDO SELADOR ACRÍLICO, APLICAÇÃO MANUAL EM PAREDE, UMA DEMÃO. AF_04/2023 | E37: M2 | F37: 2453.13 | I37: =SUM(G37:H37) -> 0 | J37: =G37*F37 -> 0 | K37: =H37*F37 -> 0 | L37: =I37*F37 -> 0 | M37: =L37*(1+$M$4) -> 0
A38: 3.1.3 | B38: PINTURA DO TETO - SELADOR | C38: 88484 | D38: FUNDO SELADOR ACRÍLICO, APLICAÇÃO MANUAL EM TETO, UMA DEMÃO. AF_04/2023 | E38: M2 | F38: 1148.13 | I38: =SUM(G38:H38) -> 0 | J38: =G38*F38 -> 0 | K38: =H38*F38 -> 0 | L38: =I38*F38 -> 0 | M38: =L38*(1+$M$4) -> 0
A39: 3.1.4 | B39: PINTURA DO TETO - MASSA | C39: 90406 | D39: MASSA ÚNICA, EM ARGAMASSA TRAÇO 1:2:8, PREPARO MECÂNICO, APLICADA MANUALMENTE EM TETO, E = 17,5MM, COM TALISCAS. AF_03/2024 | E39: M2 | F39: 1148.13 | I39: =G39+H39 -> 0 | J39: =G39*F39 -> 0 | K39: =H39*F39 -> 0 | L39: =I39*F39 -> 0 | M39: =L39*(1+$M$4) -> 0
A40: 3.1.5 | B40: PINTURA DAS PAREDES - TINTA ESMALTE BARRADO DE 1,20M | C40: 102220 ADAPTADO | D40: (ADAPTADO PARA PINTURA DE PAREDES) PINTURA TINTA DE ACABAMENTO (PIGMENTADA) ESMALTE SINTÉTICO BRILHANTE EM MADEIRA, 2 DEMÃOS. AF_01/2021 | E40: M2 | F40: 224.56 | I40: =SUM(G40:H40) -> 0 | J40: =G40*F40 -> 0 | K40: =H40*F40 -> 0 | L40: =I40*F40 -> 0 | M40: =L40*(1+$M$4) -> 0
A41: 3.1.6 | B41: PINTURA DAS PAREDES - ACRÍLICA PARA PAREDES | C41: 88488 | D41: PINTURA LÁTEX ACRÍLICA PREMIUM, APLICAÇÃO MANUAL EM TETO, DUAS DEMÃOS. AF_04/2023 | E41: M2 | F41: 2384.53 | I41: =SUM(G41:H41) -> 0 | J41: =G41*F41 -> 0 | K41: =H41*F41 -> 0 | L41: =I41*F41 -> 0 | M41: =L41*(1+$M$4) -> 0
A42: 3.1.7 | B42: PINTURA DO TETO - TINTA ACRÍLICA | C42: 88488 | D42: PINTURA LÁTEX ACRÍLICA PREMIUM, APLICAÇÃO MANUAL EM TETO, DUAS DEMÃOS. AF_04/2023 | E42: M2 | F42: 1148.13 | I42: =SUM(G42:H42) -> 0 | J42: =G42*F42 -> 0 | K42: =H42*F42 -> 0 | L42: =I42*F42 -> 0 | M42: =L42*(1+$M$4) -> 0
A44: 3.2 | B44: EXTERNO | J44: =SUM(J45:J54) -> 0 | K44: =SUM(K45:K54) -> 0 | L44: =SUM(L45:L54) -> 0 | M44: =SUM(M45:M54) -> 0
A45: 3.2.1 | B45: LIXAMENTO DE SUPERFÍCIES | C45: 02344/ORSE | D45: PREPARO DE SUPERFÍCIE COM LIXAMENTO DE PAREDES E TETOS | E45: M2 | F45: 739.19 | I45: =G45+H45 -> 0 | J45: =G45*F45 -> 0 | K45: =H45*F45 -> 0 | L45: =I45*F45 -> 0 | M45: =L45*(1+$M$4) -> 0
A46: 3.2.2 | B46: PINTURA - LAJE | C46: 88484 | D46: FUNDO SELADOR ACRÍLICO, APLICAÇÃO MANUAL EM TETO, UMA DEMÃO. AF_04/2023 | E46: M2 | I46: =G46+H46 -> 0 | J46: =G46*F46 -> 0 | K46: =H46*F46 -> 0 | L46: =I46*F46 -> 0 | M46: =L46*(1+$M$4) -> 0
A47: 3.2.3 | B47: PINTURA - LAJE | C47: 104640 | D47: PINTURA LÁTEX ACRÍLICA STANDARD, APLICAÇÃO MANUAL EM TETO, DUAS DEMÃOS. AF_04/2023 | E47: M2 | I47: =G47+H47 -> 0 | J47: =G47*F47 -> 0 | K47: =H47*F47 -> 0 | L47: =I47*F47 -> 0 | M47: =L47*(1+$M$4) -> 0
A48: 3.2.4 | B48: PINTURA - PAREDES (INCLUSO BEIRAL) - SELADOR | C48: 88485 | D48: FUNDO SELADOR ACRÍLICO, APLICAÇÃO MANUAL EM PAREDE, UMA DEMÃO. AF_04/2023 | E48: M2 | F48: 739.19 | I48: =G48+H48 -> 0 | J48: =G48*F48 -> 0 | K48: =H48*F48 -> 0 | L48: =I48*F48 -> 0 | M48: =L48*(1+$M$4) -> 0
A49: 3.2.3 | B49: PINTURA - PAREDES (INCLUSO BEIRAL) - TINTA ACRÍLICA | C49: 104642 | D49: PINTURA LÁTEX ACRÍLICA STANDARD, APLICAÇÃO MANUAL EM PAREDES, DUAS DEMÃOS. AF_04/2023 | E49: M2 | F49: 739.19 | I49: =G49+H49 -> 0 | J49: =G49*F49 -> 0 | K49: =H49*F49 -> 0 | L49: =I49*F49 -> 0 | M49: =L49*(1+$M$4) -> 0
A50: 3.2.4 | B50: RESTAURO TIJOLO À VISTA - LIMPEZA/HIDROJATEAMENTO OU ESCOVAÇÃO MANUAL | C50: 04513/ORSE | D50: RESTAURO - LAVAGEM DE SUPERFÍCIE COM HIDROJATEAMENTO A UMA PRESSÃO MÍNIMA DE 1200 LB | E50: M2 | F50: 241.15 | I50: =G50+H50 -> 0 | J50: =G50*F50 -> 0 | K50: =H50*F50 -> 0 | L50: =I50*F50 -> 0 | M50: =L50*(1+$M$4) -> 0
A51: 3.2.5 | B51: RESTAURO TIJOLO À VISTA - LIXAMENTO E APLICAÇÃO DE SELADOR PARA IMPERMEABILIZAÇÃO | C51: 02281/ORSE | D51: PREPARO DE SUPERFÍCIE COM LIXAMENTO E APLICAÇÃO DE 01 DEMÃO DE LÍQUIDO SELADOR | E51: M2 | F51: 241.15 | I51: =G51+H51 -> 0 | J51: =G51*F51 -> 0 | K51: =H51*F51 -> 0 | L51: =I51*F51 -> 0 | M51: =L51*(1+$M$4) -> 0
A52: 3.2.6 | B52: HIDROFUGANTE | C52: 02297/ORSE | D52: PINTURA PARA PROTEÇÃO DE SUPERFÍCIES COM HIDROFUGANTE SILICONE OU SIMILAR, 02 DEMÃOS | E52: M2 | F52: 241.15 | I52: =G52+H52 -> 0 | J52: =G52*F52 -> 0 | K52: =H52*F52 -> 0 | L52: =I52*F52 -> 0 | M52: =L52*(1+$M$4) -> 0
A53: 3.2.7 | B53: PINTURA CALÇAMENTO - LIMPEZA | C53: 04513/ORSE | D53: RESTAURO - LAVAGEM DE SUPERFÍCIE COM HIDROJATEAMENTO A UMA PRESSÃO MÍNIMA DE 1200 LB | E53: M2 | F53: 505 | I53: =G53+H53 -> 0 | J53: =G53*F53 -> 0 | K53: =H53*F53 -> 0 | L53: =I53*F53 -> 0 | M53: =L53*(1+$M$4) -> 0
A54: 3.2.8 | B54: PINTURA CALÇAMENTO - PINTURA | C54: 102491 | D54: PINTURA DE PISO COM TINTA ACRÍLICA, APLICAÇÃO MANUAL, 2 DEMÃOS, INCLUSO FUNDO PREPARADOR. AF_05/2021 | E54: M2 | F54: =F53 -> 505 | I54: =G54+H54 -> 0 | J54: =G54*F54 -> 0 | K54: =H54*F54 -> 0 | L54: =I54*F54 -> 0 | M54: =L54*(1+$M$4) -> 0
A56: 3.3 | B56: ESQUADRIAS | J56: =SUM(J57:J64) -> 0 | K56: =SUM(K57:K64) -> 0 | L56: =SUM(L57:L64) -> 0 | M56: =SUM(M57:M64) -> 0
B57: PORTA DE MADEIRA - LIXAMENTO | C57: 102193 | D57: LIXAMENTO DE MADEIRA PARA APLICAÇÃO DE FUNDO OU PINTURA. AF_01/2020 | E57: M2 | G57: 0.61 | H57: 2.13 | I57: =SUM(G57:H57) -> 2.74 | J57: =G57*F57 -> 0 | K57: =H57*F57 -> 0 | L57: =I57*F57 -> 0 | M57: =L57*(1+$M$4) -> 0
B58: PORTA DE MADEIRA - VERNIZ | C58: 102213 | D58: PINTURA VERNIZ (INCOLOR) ALQUÍDICO EM MADEIRA, USO INTERNO E EXTERNO, 2 DEMÃOS. AF_01/2021 | E58: M2 | G58: 7.55 | H58: 18.62 | I58: =SUM(G58:H58) -> 26.17 | J58: =G58*F58 -> 0 | K58: =H58*F58 -> 0 | L58: =I58*F58 -> 0 | M58: =L58*(1+$M$4) -> 0
A59: 3.3.1 | B59: LIMPEZA JANELAS / PORTAS | C59: 99821 | D59: LIMPEZA DE JANELA DE VIDRO COM CAIXILHO EM AÇO/ALUMÍNIO/PVC. AF_10/2025_PS | E59: M2 | F59: 229.74 | I59: =SUM(G59:H59) -> 0 | J59: =G59*F59 -> 0 | K59: =H59*F59 -> 0 | L59: =I59*F59 -> 0 | M59: =L59*(1+$M$4) -> 0
A60: 3.3.2 | B60: LIMPEZA JANELAS / PORTAS | C60: 106168/ADAPT | D60: [ADAPTADO PARA LIMPEZA DE JANELAS] LIMPEZA DE RUA COM JATO DE ALTA PRESSÃO. AF_10/2025 | E60: M2 | F60: 229.74 | I60: =SUM(G60:H60) -> 0 | J60: =G60*F60 -> 0 | K60: =H60*F60 -> 0 | L60: =I60*F60 -> 0 | M60: =L60*(1+$M$4) -> 0
A61: 3.3.3 | B61: PINTURA ESQUADRIAS/MANUTENÇÃO | C61: 88315 | D61: SERRALHEIRO COM ENCARGOS COMPLEMENTARES | E61: H | F61: 40 | I61: =SUM(G61:H61) -> 0 | J61: =G61*F61 -> 0 | K61: =H61*F61 -> 0 | L61: =I61*F61 -> 0 | M61: =L61*(1+$M$4) -> 0
A62: 3.3.4 | B62: PINTURA ESQUADRIAS/LIXAMENTO | C62: 100717 | D62: LIXAMENTO MANUAL EM SUPERFÍCIES METÁLICAS EM OBRA. AF_01/2020 | E62: M2 | F62: 24 | I62: =G62+H62 -> 0 | J62: =G62*F62 -> 0 | K62: =H62*F62 -> 0 | L62: =I62*F62 -> 0 | M62: =L62*(1+$M$4) -> 0
A63: 3.3.5 | B63: PINTURA ESQUADRIAS/GRADES/TINTA ESMALTE | C63: 100725 | D63: PINTURA COM TINTA ALQUÍDICA DE FUNDO E ACABAMENTO (ESMALTE SINTÉTICO GRAFITE) PULVERIZADA SOBRE SUPERFÍCIES METÁLICAS (EXCETO PERFIL) EXECUTADO EM OBRA (POR DEMÃO). AF_01/2020_PE | E63: M2 | F63: 14 | I63: =G63+H63 -> 0 | J63: =G63*F63 -> 0 | K63: =H63*F63 -> 0 | L63: =I63*F63 -> 0 | M63: =L63*(1+$M$4) -> 0
A64: 3.3.6 | B64: PORTA DE ALUMÍNIO | C64: 91341 | D64: PORTA EM ALUMÍNIO DE ABRIR TIPO VENEZIANA COM GUARNIÇÃO, FIXAÇÃO COM PARAFUSOS - FORNECIMENTO E INSTALAÇÃO. AF_10/2025 | E64: M2 | F64: 2.95 | I64: =G64+H64 -> 0 | J64: =G64*F64 -> 0 | K64: =H64*F64 -> 0 | L64: =I64*F64 -> 0 | M64: =L64*(1+$M$4) -> 0
A66: 4 | B66: FINALIZAÇÕES | J66: =SUM(J67:J69) -> 0 | K66: =SUM(K67:K69) -> 0 | L66: =SUM(L67:L69) -> 0 | M66: =SUM(M67:M69) -> 0 | N66: =M66 -> 0
A67: 4.1 | B67: LIMPEZA GERAL DA OBRA - PISOS, ESQUADRIAS, FORROS, BANCADAS E INSTALAÇÕES | C67: 99803 ADAPTADO | D67: (ADAPTADO PARA LIMPEZA FINAL DA OBRA) LIMPEZA DE PISO CERÂMICO OU PORCELANATO COM PANO ÚMIDO. AF_10/2025_PS | E67: M2 | F67: 1250 | I67: =SUM(G67:H67) -> 0 | J67: =G67*F67 -> 0 | K67: =H67*F67 -> 0 | L67: =I67*F67 -> 0 | M67: =L67*(1+$M$4) -> 0
A68: 4.2 | B68: RETIRADA DE ENTULHO | C68: 100982 | D68: CARGA, MANOBRA E DESCARGA DE ENTULHO EM CAMINHÃO BASCULANTE 10 M³ - CARGA COM ESCAVADEIRA HIDRÁULICA (CAÇAMBA DE 0,80 M³ / 111 HP) E DESCARGA LIVRE (UNIDADE: M3). AF_02/2026 | E68: M3 | F68: 10 | I68: =SUM(G68:H68) -> 0 | J68: =G68*F68 -> 0 | K68: =H68*F68 -> 0 | L68: =I68*F68 -> 0 | M68: =L68*(1+$M$4) -> 0
A69: 4.3 | B69: RETIRADA DE ENTULHO | C69: 95875 | D69: TRANSPORTE COM CAMINHÃO BASCULANTE DE 10 M³, EM VIA URBANA PAVIMENTADA, DMT ATÉ 30 KM (UNIDADE: M3XKM). AF_02/2026 | E69: M3XKM | F69: 100 | I69: =SUM(G69:H69) -> 0 | J69: =G69*F69 -> 0 | K69: =H69*F69 -> 0 | L69: =I69*F69 -> 0 | M69: =L69*(1+$M$4) -> 0
B73: ASSINATURA DA EMPRESA

Sheet CRONOGRAMA
A1: CRONOGRAMA FÍSICO FINANCEIRO
D3: UNIVERSIDADE ESTADUAL DO NORTE DO PARANÁ
D4: CNPJ: 08.885.100/0001-54
D5: SERVIÇO : ADEQUAÇÕES SETOR DE ENFERMAGEM
D6: Local: CAMPUS LUIZ MENEGHEL - CLM
D7: Data do orçamento: AGOSTO /2026
D8: REFERÊNCIA DE PREÇOS : SINAPI_REFERENCIAS_PR_202607_SEM_DESONERAÇÃO
D9: INSERIR DADOS DA EMPRESA
E12: MÊS 1 | G12: MÊS 2 | I12: MÊS 3 | K12: MÊS 4 | M12: MÊS 5
A13: ITEM | B13: SERVIÇO / LOCAL | C13: Valores | D13: % | E13: % | F13: R$ | G13: % | H13: R$ | I13: % | J13: R$ | K13: % | L13: R$ | M13: % | N13: R$
A14: 1 | B14: =VLOOKUP(A14,'ORÇAMENTO GLOBAL'!$A$2:$M$179,2,FALSE()) -> CANTEIRO DE OBRAS | C14: =VLOOKUP(A14,'ORÇAMENTO GLOBAL'!$A$2:$M$179,13,FALSE()) -> 0 | D14: =C14/$C$18 -> #DIV/0! | E14: 0.9 | F14: =E14*C14 -> 0 | G14: 0.05 | H14: =G14*C14 -> 0 | I14: 0.05 | J14: =I14*C14 -> 0 | K14: 0 | L14: =K14*C14 -> 0 | M14: 0 | N14: =M14*C14 -> 0 | O14: =SUM(E14,G14,I14,K14,M14) -> 1
A15: 2 | B15: =VLOOKUP(A15,'ORÇAMENTO GLOBAL'!$A$2:$M$179,2,FALSE()) -> DEMOLIÇÕES E CONSTRUÇÕES | C15: =VLOOKUP(A15,'ORÇAMENTO GLOBAL'!$A$2:$M$179,13,FALSE()) -> 0 | D15: =C15/$C$18 -> #DIV/0! | E15: 1 | F15: =E15*C15 -> 0 | G15: 0 | H15: =G15*C15 -> 0 | I15: 0 | J15: =I15*C15 -> 0 | K15: 0 | L15: =K15*C15 -> 0 | M15: 0 | N15: =M15*C15 -> 0 | O15: =SUM(E15,G15,I15,K15,M15) -> 1
A16: 3 | B16: =VLOOKUP(A16,'ORÇAMENTO GLOBAL'!$A$2:$M$179,2,FALSE()) -> ACABAMENTOS E PINTURAS | C16: =VLOOKUP(A16,'ORÇAMENTO GLOBAL'!$A$2:$M$179,13,FALSE()) -> 0 | D16: =C16/$C$18 -> #DIV/0! | E16: 0 | F16: =E16*C16 -> 0 | G16: 0 | H16: =G16*C16 -> 0 | I16: 0.35 | J16: =I16*C16 -> 0 | K16: 0.35 | L16: =K16*C16 -> 0 | M16: 0.3 | N16: =M16*C16 -> 0 | O16: =SUM(E16,G16,I16,K16,M16) -> 1
A17: 4 | B17: =VLOOKUP(A17,'ORÇAMENTO GLOBAL'!$A$2:$M$179,2,FALSE()) -> FINALIZAÇÕES | C17: =VLOOKUP(A17,'ORÇAMENTO GLOBAL'!$A$2:$M$179,13,FALSE()) -> 0 | D17: =C17/$C$18 -> #DIV/0! | E17: 0 | F17: =E17*C17 -> 0 | G17: 0 | H17: =G17*C17 -> 0 | I17: 0.25 | J17: =I17*C17 -> 0 | K17: 0.5 | L17: =K17*C17 -> 0 | M17: 0.25 | N17: =M17*C17 -> 0 | O17: =SUM(E17,G17,I17,K17,M17) -> 1
B18: TOTAL | C18: =SUM(C14:C17) -> 0 | D18: =C18/$C$18 -> #DIV/0!
B20: R$ parcial | F20: =SUM(F14:F19) -> 0 | H20: =SUM(H14:H19) -> 0 | J20: =SUM(J14:J19) -> 0 | L20: =SUM(L14:L19) -> 0 | N20: =SUM(N14:N19) -> 0
B21: %_parcial | E21: =F20/$C$18 -> #DIV/0! | G21: =H20/$C$18 -> #DIV/0! | I21: =J20/$C$18 -> #DIV/0! | K21: =L20/$C$18 -> #DIV/0! | M21: =N20/$C$18 -> #DIV/0!
B22: R$_ acumulado | F22: =F20 -> 0 | H22: =H20+F22 -> 0 | J22: =J20+H22 -> 0 | L22: =L20+J22 -> 0 | N22: =N20+L22 -> 0
B23: %_acumulado | E23: =E21 -> #DIV/0! | G23: =G21+E23 -> #DIV/0! | I23: =I21+G23 -> #DIV/0! | K23: =K21+I23 -> #DIV/0! | M23: =M21+K23 -> #DIV/0!
A25: NOTA: A EMPRESA DEVE APRESENTAR E RESPEITAR CRONOGRAMA PRÓPRIO DE EXECUÇÃO DA OBRA, A ORDEM DOS SERVIÇOS PROPOSTOS DEVE SER PRÉ-APROVADO PELA SECRETARIA DE OBRAS. A ÚLTIMA PARCELA DEVE OBRIGATORIAMENTE SER MAIOR QUE 11 %
B31: ASSINATURA DA EMPRESA

Sheet BDI
D3: UNIVERSIDADE ESTADUAL DO NORTE DO PARANÁ
D4: CNPJ: 08.885.100/0001-54
D5: SERVIÇO : ADEQUAÇÕES SETOR DE ENFERMAGEM
D6: Local: CAMPUS LUIZ MENEGHEL - CLM
D7: Data do orçamento: AGOSTO/2026
D8: REFERÊNCIA DE PREÇOS : SINAPI_REFERENCIAS_PR_202607_SEM_DESONERAÇÃO
D9: INSERIR DADOS DA EMPRESA
A11: COMPOSIÇÃO DO BDI
A12: CUSTO TOTAL DO SERVIÇO (R$)
A13: ITEM | B13: DISCRIMINAÇÃO | E13: VALOR | F13: TAXA (%) | G13: OBSERVAÇÃO | H13: SITUAÇÃO DO INTERVALO ADMISSÍVEL | I13: PARCELAS DO BDI (%)
I14: 1 QUARTIL | J14: MÉDIO | K14: 3 QUARTIL
A15: 1 | B15: AC – ADMINISTRAÇÃO CENTRAL | F15: 0.03 | H15: OK | I15: 0.03 | J15: 0.04 | K15: 0.055
A16: 2 | B16: SG – SEGUROS + GARANTIA | F16: 0.008 | H16: OK | I16: 0.008 | J16: 0.008 | K16: 0.01
A17: 3 | B17: R – RISCOS | F17: 0.0097 | H17: OK | I17: 0.0097 | J17: 0.0127 | K17: 0.0127
A18: 4 | B18: DF – DESPESAS FINANCEIRAS | F18: 0.0059 | H18: OK | I18: 0.0059 | J18: 0.0123 | K18: 0.0139
A19: 5 | B19: L – LUCRO BRUTO | F19: 0.0625 | H19: OK | I19: 0.0616 | J19: 0.074 | K19: 0.0896
A20: 6 | B20: I – IMPOSTOS | F20: =SUM(F21:F24) -> 0.0665 | G20: FÓRMULA DO BDI DE ACORDO COM ACÓRDÃO 2.369/2011-TCU- PLENÁRIO
A21: 43836 | B21: PIS | F21: 0.0065
A22: 43867 | B22: COFINS | F22: 0.03
A23: 43896 | B23: ISS (CONFORME LEGISLAÇÃO MUNICIPAL) | F23: 0.03
A24: 43927 | B24: CONTRIB. PREVIDÊNCIA SOBRE RECEITA BRUTA – CPRB | F24: 0
A26: TOTAL DO BDI (R$)
A27: PREÇO DE VENDA (R$) | G27: ONDE:
A28: BDI (%) | F28: =ROUND((((1+(F15+F16+F17))*(1+F18)*(1+F19))/(1-F20))-1,4) -> 0.1995 | G28: AC : TAXA DE ADMINISTRAÇÃO CENTRAL
G29: S: TAXA DE SEGURO
G30: G: TAXA DE GARANTIAS
A31: Parâmetros do Acórdão 2.622/2013 - Plenário | G31: R: TAXA DE RISCOS
A32: Sem CPRB | B32: 0.2034 | C32: 0.2212 | D32: 0.25 | G32: DF: TAXA DE DESPESAS
A33: Com CPRB | B33: 0.2601 | C33: 0.2787 | D33: 0.3089 | G33: L: TAXA DE LUCRO
G34: I: TAXA DE INCIDÊNCIA DE IMPOSTOS (PIS, COFINS, ISS, CPRB)
A36: COMPOSIÇÃO DO BDI REDUZIDO
A37: CUSTO TOTAL DO SERVIÇO (R$)
A38: ITEM | B38: DISCRIMINAÇÃO | E38: VALOR | F38: TAXA (%) | G38: OBSERVAÇÃO | H38: SITUAÇÃO DO INTERVALO ADMISSÍVEL | I38: PARCELAS DO BDI (%)
I39: 1 Quartil | J39: Médio | K39: 3 Quartil
A40: 1 | B40: AC – ADMINISTRAÇÃO CENTRAL | F40: 0.015 | H40: =IF(AND(F40>=I40,F40<=K40),"OK","DIFERE") -> OK | I40: 0.015 | J40: 0.0345 | K40: 0.0449
A41: 2 | B41: SG – SEGUROS + GARANTIA | F41: 0.003 | H41: =IF(AND(F41>=I41,F41<=K41),"OK","DIFERE") -> OK | I41: 0.003 | J41: 0.0048 | K41: 0.0082
A42: 3 | B42: R – RISCOS | F42: 0.0056 | H42: =IF(AND(F42>=I42,F42<=K42),"OK","DIFERE") -> OK | I42: 0.0056 | J42: 0.0085 | K42: 0.0089
A43: 4 | B43: DF – DESPESAS FINANCEIRAS | F43: 0.0085 | H43: =IF(AND(F43>=I43,F43<=K43),"OK","DIFERE") -> OK | I43: 0.0085 | J43: 0.0085 | K43: 0.0111
A44: 5 | B44: L – LUCRO BRUTO | F44: 0.0352 | H44: =IF(AND(F44>=I44,F44<=K44),"OK","DIFERE") -> OK | I44: 0.035 | J44: 0.0511 | K44: 0.0622
A45: 6 | B45: I – IMPOSTOS | F45: =SUM(F46:F49) -> 0.0365 | G45: FÓRMULA DO BDI DE ACORDO COM ACÓRDÃO 2.369/2011-TCU- PLENÁRIO
A46: 43836 | B46: PIS | F46: 0.0065
A47: 43867 | B47: COFINS | F47: 0.03
A48: 43896 | B48: ISS (CONFORME LEGISLAÇÃO MUNICIPAL) | F48: 0
A49: 43927 | B49: CONTRIB. PREVIDÊNCIA SOBRE RECEITA BRUTA – CPRB | F49: 0
A51: TOTAL DO BDI (R$)
A52: PREÇO DE VENDA (R$) | G52: ONDE:
A53: BDI (%) | F53: =(((1+(F40+F41+F42))*(1+F43)*(1+F44))/(1-F45))-1 -> 0.10912048 | G53: AC : TAXA DE ADMINISTRAÇÃO CENTRAL
G54: S: TAXA DE SEGURO
G55: G: TAXA DE GARANTIAS
A56: Parâmetros do Acórdão 2.622/2013 - Plenário | G56: R: TAXA DE RISCOS
A57: Sem CPRB | B57: 0.111 | C57: 0.1402 | D57: 0.168 | G57: DF: TAXA DE DESPESAS
A58: Com CPRB | B58: 0.1634 | C58: 0.1939 | D58: 0.223 | G58: L: TAXA DE LUCRO
G59: I: TAXA DE INCIDÊNCIA DE IMPOSTOS (PIS, COFINS, ISS, CPRB)
B63: ASSINATURA DA EMPRESA
